 Dungeon Crawl Stone Soup version 0.28.0-53-g5a82cb258f (webtiles) character file.

Game seed: 17638743075565933368

113 SanguineChosen the Digger (level 4, -9/33 HPs)
             Began as a Ghoul Earth Elementalist on June 2, 2022.
             Killed by divine providence
             ... invoked by an orc priest
              (16 damage)
             ... on level 2 of the Dungeon.
             The game lasted 00:31:17 (2606 turns).

SanguineChosen the Digger (GhEE)                    Turns: 2606, Time: 00:31:17

Health: -9/33      AC:  4    Str: 11    XL:     4   Next: 96%
Magic:  6/6        EV: 12    Int: 12    God:
Gold:   54         SH:  0    Dex:  9    Spells: 6/7 levels left

rFire   . . .      SeeInvis .   j - +1 dagger (venom)
rCold   + . .      Faith    .   (no shield)
rNeg    + + +      Spirit   .   a - +2 robe {Archmagi}
rPois   ∞          Reflect  .   (no helmet)
rElec   .          Harm     .   (no cloak)
rCorr   .          Rampage  .   (no gloves)
Will    .....      Archmagi +   (no boots)
Stlth   ++........              (no amulet)
HPRegen 0.00/turn               f - ring of flight
MPRegen 0.10/turn               (no ring)

@: flying, inhibited regen
A: claws 1, cold resistance 1, negative energy resistance 3, inhibited
regeneration, torment resistance 2
a: no special abilities


You were on level 2 of the Dungeon.
You visited 1 branch of the dungeon, and saw 2 of its levels.

You collected 54 gold pieces.

Inventory:

Hand Weapons
 j - a +1 dagger of venom (weapon)
Armour
 a - a +2 robe of the Archmagi (worn)
 b - a +0 robe
Jewellery
 f - a ring of flight (left claw)
Scrolls
 h - a scroll of identify {unknown}


   Skills:
 + Level 2.4 Dodging
 + Level 3.3 Stealth
 + Level 2.3 Spellcasting
 + Level 1.9 Transmutations
 + Level 4.0 Earth Magic


You had 6 spell levels left.
You knew the following spells:

 Your Spells              Type           Power      Damage    Failure   Level
a - Sandblast             Erth           32%        2d9       4%          1

Your spell library contained the following spells:

 Spells                   Type           Power      Damage    Failure   Level
 Passwall                 Tmut/Erth      10%        N/A       12%         2
 Stone Arrow              Conj/Erth      18%        3d8       34%         3
 Portal Projectile        Hex/Tloc       4%         N/A       61%         3
 Petrify                  Tmut/Erth      12%        N/A       61%         4
 Excruciating Wounds      Necr           1%         N/A       100%        5
 Blade Hands              Tmut           Unusable   N/A       N/A         5

Dungeon Overview and Level Annotations

Branches:
Dungeon (2/15)

Altars:

Shops:
D:1 =[:(


Innate Abilities, Weirdness & Mutations

You thrive by killing the living.
You are immune to poison.
You have sharp fingernails.
Your flesh is cold resistant. (rC+)
You are immune to negative energy. (rN+++)
You do not regenerate when monsters are visible.
You are immune to unholy pain and torment.


Message History

You feel a surge of power!
The blast of sand hits the kobold but does no damage.
You now have no stones remaining.
Casting: Sandblast (safe; 4% risk of failure)
Confirm with . or Enter, or press ? or * to list all spells.
You don't have any stones to cast with.
Unknown command.
You barely miss the kobold.
The orc priest shouts!
The kobold hits you with the +8 broad axe of Maablim {protect, rC+}.
You hit the kobold.
The kobold is poisoned.
The kobold is moderately wounded.
You kill the kobold!
The orc priest mumbles some strange prayers to Beogh against you.
Beogh smites you!
You closely miss the orc priest.
The orc priest invokes the aid of Beogh against you.
Beogh smites you!
* * * LOW HITPOINT WARNING * * *
It was a potion of lignification.
You feel woody for a moment.
The orc priest hits you with a +0 short sword.
* * * LOW HITPOINT WARNING * * *
It was a potion of haste.
You feel yourself speed up. The orc priest barely misses you.
An orc priest is nearby!
An orc priest is nearby!
An orc priest is nearby!
Your extra speed is starting to run out.
You see here a hobgoblin corpse.
You feel yourself slow down.
An orc priest is nearby!
There is an open door here.
The orc priest casts a cantrip, but nothing happens.
The orc priest looks encouraged for a moment.
You see here a bat corpse.
An orc priest is nearby!
There is a stone staircase leading up here.
The orc priest invokes the aid of Beogh against you.
Beogh smites you!
You die...

....# #..# #### ##..# ##.# #...
....# #.# #.## ###.# ###.########
#.# # #.# #..........## #.# # #.#
#.#..#......# #.## # #.#
#....#......# #.#. # #.#
####........# #.## # #.#
#..@.....# #.#. ###.#####
#........# #.#) ........#
#.#.#############'#. ....###.#
#.#.# #........... ##.#######
###.#.# #.....).....
.###.###.###.###.# #...........
#.#.#.#.#.#†#.#.†# #...........
#.#.#.#.#.#.#.#.o#####........÷..
##.###.###.###.#....##...........


You could see an orc priest.

Vanquished Creatures
  Jessica (D:2)
  Robin (D:2)
  An adder (D:2)
  2 dart slugs (D:1)
  2 orcs (D:2)
  2 ball pythons (D:2)
  3 bats
  3 endoplasms
  A giant cockroach (D:2)
  3 hobgoblins (D:2)
  4 jackals (D:2)
  2 quokkas (D:2)
  5 frilled lizards
  17 goblins
  3 kobolds
  6 rats
56 creatures vanquished.

Notes
Turn   | Place    | Note
-------+----------+-------------------------------------------
     0 | D:1      | SanguineChosen the Ghoul Earth Elementalist began the quest
                  | for the Orb.
     0 | D:1      | Reached XP level 1. HP: 14/14 MP: 2/2
    33 | D:1      | Reached skill level 1 in Transmutations
    78 | D:1      | Found Xarozusk's Antique Weapon Boutique.
   206 | D:1      | Reached XP level 2. HP: 18/20 MP: 0/3
   308 | D:1      | Found Zyam's Armour Shoppe.
   456 | D:1      | Found Xeav's Book Shop.
   647 | D:1      | Reached XP level 3. HP: 26/26 MP: 1/5
   691 | D:1      | Found Omyogaf's Jewellery Emporium.
  1869 | D:2      | Reached XP level 4. HP: 33/33 MP: 3/6
  1899 | D:2      | Noticed Robin
  1907 | D:2      | Killed Robin
  2233 | D:2      | Noticed Jessica
  2280 | D:2      | Killed Jessica
  2481 | D:2      | Reached skill level 4 in Earth Magic
  2533 | D:2      | Identified the +8 broad axe of Maablim {protect, rC+}
  2606 | D:2      | Killed from afar by an orc priest

Illustrated notes

Levels and vault maps discovered:
D:1:      amcnicky_arrival_double_pillar, layout_loops_cross, serial_shops,
          shop, shop_fountains, nicolae_shop_statue_plus,
          nicolae_shop_hallway_stairs
D:2:      layout_basic, grunt_decor_resistance, uniq_robin, uniq_jessica

Skill      XL: |  1  2  3  4 |
---------------+-------------+-----
Transmutations | 1 |  1.9
Dodging        | 2 |  2.4
Spellcasting   | 2 |  2.3
Stealth        | 3 |  3.3
Earth Magic    | 4 |  4.0

Action                   |  1- 3 |  4- 6 || total
-------------------------+-------+-------++-------
Melee: Dagger            |    12 |     9 ||    21
       Punch             |     1 |       ||     1
 Cast: Sandblast         |    57 |    23 ||    80
  Use: Potion            |       |     2 ||     2
 Stab: Sleeping          |     1 |       ||     1
Armor: Robe              |    11 |     6 ||    17
Dodge: Dodged            |    40 |    13 ||    53
